 Dungeon Crawl Stone Soup version 0.30-a0-322-g102857c98e (webtiles) character file.

Game seed: 15765254307816415078

455 blackman the Slasher (level 7, -1/78 HPs)
             Began as a Human Delver on Oct 27, 2022.
             Was an Initiate of the Shining One.
             Slain by a gnoll
             ... wielding a +0 flail
              (4 damage)
             ... on level 4 of the Dungeon on Oct 28, 2022.
             The game lasted 00:05:06 (1883 turns).

blackman the Slasher (Human Delver)                 Turns: 1883, Time: 00:05:07

Health: -1/78      AC: 23    Str: 12    XL:     7   Next: 26%
Magic:  7/7        EV:  2    Int: 11    God:    the Shining One [......]
Gold:   86         SH:  4    Dex: 20    Spells: 6/6 levels left

rFire   . . .      SeeInvis .    m - +2 spear of Law {elec, Dex+4}
rCold   . . .      Faith    .    l - +0 buckler
rNeg    . . .      Spirit   .    (body armour currently unavailable)
rPois   +          Reflect  .    (helmet currently unavailable)
rElec   .          Harm     .    (cloak currently unavailable)
rCorr   .          Rampage  .    (gloves currently unavailable)
Will    .....      NoTele   +    (boots currently unavailable)
Stlth   ++........               (no amulet)
HPRegen 0.33/turn                (no ring)
MPRegen 0.10/turn                (no ring)

@: tree-form, glowing
A: stationary, stasis, torment immunity, boosted hp
a: Renounce Religion


You were on level 4 of the Dungeon.
You worshipped the Shining One.
The Shining One was noncommittal.
You were a tree.
You visited 2 branches of the dungeon, and saw 5 of its levels.

You collected 86 gold pieces.

Inventory:

Hand Weapons
 a - a +1 falchion
 m - the +2 spear of Law (weapon) {elec, Dex+4}
   (You found it on level 3 of the Dungeon)

   It occasionally discharges a powerful burst of electricity upon striking a
   foe.
   Dex:       It affects your dexterity (+4).
Missiles
 j - 4 poisoned darts (quivered)
 n - a throwing net
Armour
 b - a +0 leather armour (melded)
 f - a +0 cloak (melded)
 l - a +0 buckler (worn)
Wands
 g - a wand of digging (3)
Scrolls
 c - a scroll of fog
 d - a scroll of magic mapping
 e - a scroll of enchant weapon
 h - 3 scrolls of identify
 i - a scroll of teleportation


   Skills:
 - Level 3.0 Fighting
 + Level 7.4 Long Blades
 - Level 2.0 Dodging
 - Level 5.0 Stealth


You had 6 spell levels left.
You didn't know any spells.
Your spell library was empty.

Dungeon Overview and Level Annotations

Branches:
Dungeon (6/15)             Temple (1/1) D:5

Altars:
Cheibriados
Elyvilon
Fedhas
Hepliaklqana
Kikubaaqudgha
Makhleb
Nemelex Xobeh
Okawaru
Qazlal
Sif Muna
Trog
Uskayaw
Vehumet
Xom
Yredelemnul
The Shining One


Message History

The gnoll hits you but does no damage. The gnoll hits you with a +0 flail.
* * * LOW HITPOINT WARNING * * *
You puncture the gnoll!
The gnoll is severely wounded.
The gnoll barely misses you.
The gnoll hits you but does no damage. x2
You closely miss the gnoll.
The gnoll is severely wounded.
The gnoll barely misses you. x2; The gnoll hits you with a +0 flail.
* * * LOW HITPOINT WARNING * * *
The gnoll hits you but does no damage.
You closely miss the gnoll.
The gnoll is severely wounded.
The gnoll hits you but does no damage. x2
The scorpion stings you but does no damage.
The gnoll hits you but does no damage.
Okay, then.
Unknown command.
You cannot move.
You cannot move.
You barely miss the scorpion.
The scorpion stings you but does no damage.
You block the gnoll's attack. x2; The gnoll completely misses you.
The gnoll hits you with a +0 flail.
* * * LOW HITPOINT WARNING * * *
The gnoll shouts!
You puncture the gnoll!
You kill the gnoll!
You block the scorpion's attack. The gnoll barely misses you.
You block the gnoll's attack. The gnoll hits you but does no damage.
The scorpion stings you but does no damage.
You hit the gnoll.
The gnoll is heavily wounded.
The gnoll hits you but does no damage. x3; You block the scorpion's attack.
The gnoll hits you but does no damage. x2
You barely miss the gnoll.
The gnoll is heavily wounded.
The scorpion stings you.
* * * LOW HITPOINT WARNING * * *
The gnoll hits you with a +0 flail.
You die...

# #. # #$ # #s # ##. ##
######.. .### ###......
...###...# #.########..#
.........###.##g♣g....#
...............gsg...##
............g...[.....g.
......
##........#.###........#
.... .
.....####........##...##
.....$
#....#####..g.......###
##g..#
.................####
#...g.
.#....†#..........
g.g...
#.................#
.[....


You could see a scorpion and 6 gnolls.

Vanquished Creatures
  Grinder (D:3)
  2 scorpions
  A hound (D:5)
  An orc priest (D:5)
  An orc wizard (D:5)
  A gnoll (D:4)
  4 adders
  8 orcs
  3 ball pythons
  2 hobgoblins
  A bat (D:3)
  2 rats (D:3)
27 creatures vanquished.

Notes
Turn   | Place    | Note
-------+----------+-------------------------------------------
     0 | D:5      | blackman the Human Delver began the quest for the Orb.
     0 | D:5      | Reached XP level 1. HP: 18/18 MP: 1/1
    14 | D:5      | Noticed a scorpion
    69 | D:5      | Noticed a hound
    91 | D:5      | Killed a hound
    92 | D:5      | Reached skill level 3 in Long Blades
    92 | D:5      | Reached XP level 2. HP: 2/24 MP: 2/2
    92 | D:5      | Reached XP level 3. HP: 3/29 MP: 3/3
   216 | D:5      | Noticed a centaur
   237 | D:6      | Noticed a bullfrog
   376 | D:4      | Noticed a scorpion
   728 | D:4      | Reached skill level 4 in Long Blades
   728 | D:4      | Reached XP level 4. HP: 29/35 MP: 4/4
   783 | D:4      | Noticed a scorpion
   796 | D:4      | Killed a scorpion
   797 | D:4      | Reached XP level 5. HP: 32/41 MP: 5/5
   805 | D:4      | Reached skill level 5 in Long Blades
   974 | D:4      | Noticed a sky beast
  1067 | D:3      | Identified the +2 spear of Law {elec, Dex+4}
  1067 | D:3      | Noticed Grinder
  1104 | D:3      | Killed Grinder
  1105 | D:3      | Reached skill level 6 in Long Blades
  1105 | D:3      | Reached XP level 6. HP: 5/47 MP: 6/6
  1338 | D:5      | Found a staircase to the Ecumenical Temple.
  1385 | Temple   | Entered the Ecumenical Temple
  1555 | Temple   | Became a worshipper of the Shining One
  1652 | D:5      | Reached skill level 7 in Long Blades
  1652 | D:5      | Reached XP level 7. HP: 17/52 MP: 7/7
  1883 | D:4      | HP: 3/78 [scorpion (3)]
  1883 | D:4      | Slain by a gnoll

Illustrated notes

Levels and vault maps discovered:
D:3:      layout_basic, lemuel_doored_altar, uniq_grinder
D:4:      layout_rooms, serial_shops, shop
D:5:      layout_loops_ring, minmay_temple_entry_poolview, portal_sewer_entry_e,
          saegor_snake_ambush
D:6:      layout_layer_cave
Temple:   eino_temple_scatter_basement

Skill      XL: |  1  2  3  4  5  6 |
---------------+-------------------+-----
Long Blades    | 3 4 6 7 |  7.4
Fighting       | |  3.0
Dodging        | |  2.0
Stealth        | |  5.0

Action                   |  1- 3 |  4- 6 |  7- 9 || total
-------------------------+-------+-------+-------++-------
Melee: Falchion          |    38 |    25 |       ||    63
       Spear             |       |    34 |    15 ||    49
Throw: Dart              |     6 |     4 |     3 ||    13
  Use: Potion            |     1 |     2 |     1 ||     4
       Scroll            |     2 |       |     3 ||     5
 Stab: Distracted        |     1 |       |       ||     1
       Sleeping          |       |     2 |       ||     2
Armor: Leather armour    |    12 |    18 |     1 ||    31
       Skin              |       |       |    17 ||    17
Dodge: Dodged            |    22 |    42 |    13 ||    77
Block: Buckler           |       |     2 |    10 ||    12

Table legend: (Time is in decaauts)
 A = Elapsed time spent in this place.
 B = Non-inter-level travel time spent in this place.
 C = Inter-level travel time spent in this place.
 D = Time resting spent in this place.
 E = Time spent auto-exploring this place.
 F = Levels seen in this place.
 G = Mean time per level.
                   A        B        C        D        E       F      G
               +--------+--------+--------+--------+--------+-----+--------+
         Total |   1895 |   1790 |    105 |    395 |    906 |   5 |  379.0 |
       Dungeon |   1715 |   1635 |     80 |    395 |    768 |   4 |  428.8 |
        Temple |    180 |    155 |     25 |      0 |    138 |   1 |  180.0 |
               +--------+--------+--------+--------+--------+-----+--------+

Top non-repeatable levels by time:
     D:5: 691 daAuts
     D:4: 663 daAuts
     D:3: 332 daAuts
  Temple: 180 daAuts
     D:6: 26 daAuts
